 Dungeon Crawl Stone Soup version 0.21-a0-113-g6841d05 (webtiles) character file.

30 Charly the Skirmisher (level 3, 0/40 HPs)
             Began as an Ogre Skald on July 12, 2017.
             Succumbed to an adder's poison
             ... on level 3 of the Dungeon.
             The game lasted 00:03:28 (236 turns).

Charly the Skirmisher (Ogre Skald)                   Turns: 236, Time: 00:03:29

Health: 0/40       AC:  5    Str: 15    XL:     3   Next: 18%
Magic:  0/6        EV: 10    Int: 14    God:
Gold:   0          SH:  0    Dex:  9    Spells: 3/6 levels left

rFire    . . .     SeeInvis .     - Unarmed
rCold    . . .     Gourm    .   (no shield)
rNeg     . . .     Faith    .   a - +0 robe
rPois    .         Spirit   .   (helmet restricted)
rElec    .         Reflect  .   (no cloak)
rCorr    .         Harm     .   (gloves unavailable)
MR       .....                  (boots unavailable)
Stlth    +.........             (no amulet)
HPRegen  0.13/turn              (no ring)
MPRegen  0.10/turn              (no ring)

@: lethally poisoned (0 -> -5)
A: unfitting armour, yellow scales 1, mutation resistance 1, robust 1, tough
skin 1
a: no special abilities


You were on level 3 of the Dungeon.
You were not hungry.

You visited 1 branch of the dungeon, and saw 3 of its levels.

Inventory:

Missiles
 g - 2 curare-tipped needles
Armour
 a - a +0 robe (worn)
Books
 b - a book of Battle

   Spells                             Type                      Level
   a - Infusion                       Charms                       1
   b - Shroud of Golubria             Charms/Translocation         2
   c - Song of Slaying                Charms                       2
   d - Spectral Weapon                Hexes/Charms                 3
   e - Regeneration                   Charms/Necromancy            3
Comestibles
 c - a bread ration
 f - a meat ration


   Skills:
 + Level 3.2 Fighting
 - Level 2.1 Dodging
 + Level 2.5 Unarmed Combat
 - Level 2.4 Spellcasting
 + Level 3.0 Charms


You had 3 spell levels left.
You knew the following spells:

 Your Spells              Type           Power        Failure   Level  Hunger
a - Infusion              Chrm           ##..         6%          1    #......
g - Shroud of Golubria    Chrm/Tloc      #.........   19%         2    ###....


Dungeon Overview and Level Annotations

Branches:
Dungeon (3/15)

Altars:
Zin


Innate Abilities, Weirdness & Mutations

You are too large for most types of armour.
You have tough skin. (AC +1)
You are partially covered in yellow scales. (AC +2)
You are somewhat resistant to further mutation.
You are robust. (+10% HP)


Message History

You feel sick.
This spell is slightly dangerous to cast.
Memorise Regeneration, consuming 3 spell levels and leaving 0?
You start memorising the spell.
You continue memorising.
Your memorisation is interrupted.
* * * LOW HITPOINT WARNING * * *
You feel sick.
This spell is slightly dangerous to cast.
Memorise Regeneration, consuming 3 spell levels and leaving 0?
Your memorisation is interrupted.
* * * LOW HITPOINT WARNING * * *
You feel sick.
This spell is slightly dangerous to cast.
Memorise Regeneration, consuming 3 spell levels and leaving 0?
You start memorising the spell.
You continue memorising.
You are no longer magically infusing your attacks.
Your memorisation is interrupted.
* * * LOW HITPOINT WARNING * * *
You feel sick.
You die...

.# .# .# .#
.# ### .#
##.####.#
##...#.@.#
#......#...#
##....###..#
##<#..# .##
#.##...##
#.# #.## #.#
.# #.# .#
#.# #


There were no monsters in sight!

Vanquished Creatures
  2 adders
  A dart slug (D:2)
  A giant cockroach (D:1)
  A goblin (D:1)
  3 jackals (D:1)
  A frilled lizard (D:1)
  A kobold (D:2)
  A rat (D:2)
11 creatures vanquished.

Notes
Turn   | Place    | Note
-------+----------+-------------------------------------------
     0 | D:1      | Charly the Ogre Skald began the quest for the Orb.
     0 | D:1      | Reached XP level 1. HP: 22/22 MP: 3/3
    66 | D:2      | Reached XP level 2. HP: 23/29 MP: 5/5
    70 | D:2      | Learned a level 2 spell: Shroud of Golubria
   154 | D:2      | Gained mutation: You are surrounded by a mild repulsion field. (EV +2) [potion of mutation]
   154 | D:2      | Gained mutation: You are robust. (+10% HP) [potion of mutation]
   166 | D:2      | Found a glowing silver altar of Zin.
   228 | D:3      | Lost mutation: You are surrounded by a mild repulsion field. (EV +2) [potion of mutation]
   228 | D:3      | Gained mutation: You are partially covered in yellow scales. (AC +2) [potion of mutation]
   228 | D:3      | Gained mutation: You are somewhat resistant to further mutation. [potion of mutation]
   230 | D:3      | Reached XP level 3. HP: 4/40 MP: 0/6
   233 | D:3      | HP: 2/40 [poisoned by an adder]
   236 | D:3      | Succumbed to an adder's poison

Vault maps used:
D:1:      tarquinn_simple_flora_water_c
D:2:      nicolae_overflow_hidden_temple
D:3:      minmay_goblin_kobold_castle, minitemple

Skill      XL: |  1  2 |
---------------+-------+-----
Unarmed Combat | 2 |  2.5
Fighting       | 3 |  3.2
Charms         | 3 |  3.0
Dodging        | |  2.1
Spellcasting   | |  2.4

Action                   || total
-------------------------++-------
Melee: Unarmed           ||    62
 Cast: Infusion          ||     5
  Use: Potion            ||     3
Armor: Robe              ||    15
Dodge: Dodged            ||    36
